 Dungeon Crawl Stone Soup version 0.21.1-1-g345015f (webtiles) character file.

42 wolf the Charlatan (level 3, -5/17 HPs)
             Began as a Spriggan Artificer on Mar 16, 2018.
             Killed themself with a badly aimed iceblast (18 damage)
             ... on level 2 of the Dungeon.
             The game lasted 00:05:11 (2180 turns).

wolf the Charlatan (Spriggan Artificer)             Turns: 2180, Time: 00:05:11

Health: -5/17      AC:  2    Str:  8    XL:     3   Next: 35%
Magic:  7/7        EV: 19    Int: 13    God:
Gold:   78         SH:  0    Dex: 16    Spells: 2/2 levels left

rFire    . . .     SeeInvis +   a - +0 short sword
rCold    . . .     Gourm    .   (shield restricted)
rNeg     . . .     Faith    .   b - +0 robe
rPois    .         Spirit   .   (helmet restricted)
rElec    .         Reflect  .   (no cloak)
rCorr    .         Harm     .   (gloves unavailable)
MR       .....                  (boots unavailable)
Stlth    ++........             (no amulet)
HPRegen  0.05/turn              (no ring)
MPRegen  0.10/turn              (no ring)

@: very quick
A: very small, unfitting armour, see invisible, herbivore, speed 3, slow
metabolism 2
a: no special abilities


You were on level 2 of the Dungeon.
You were not hungry.

You visited 1 branch of the dungeon, and saw 2 of its levels.

You collected 78 gold pieces.

Inventory:

Hand Weapons
 a - a +0 short sword (weapon)
Armour
 b - a +0 robe (worn)
 i - a +0 pair of gloves
Wands
 c - a wand of flame (5)
 d - a wand of enslavement (15)
 e - a wand of random effects (11)
Scrolls
 j - 2 scrolls of fear {unknown}
 k - a scroll of immolation {unknown}
 l - a scroll of random uselessness {unknown}
 m - a scroll of noise {unknown}
 n - a scroll of identify {unknown}
 p - 3 scrolls of remove curse {unknown}
 q - a scroll of enchant armour {unknown}
 s - a scroll of amnesia {unknown}
Potions
 g - a potion of mutation {unknown}
 h - a potion of lignification {unknown}
 o - a potion of flight {unknown}
 r - a potion of invisibility {unknown}
Comestibles
 f - 2 rations


   Skills:
 + Level 0.9 Fighting
 + Level 1.9 Short Blades
 + Level 3.8 Dodging
 + Level 2.2 Stealth
 + Level 4.8 Evocations


You had 2 spell levels left.
You didn't know any spells.

Dungeon Overview and Level Annotations

Branches:
Dungeon (2/15)

Altars:


Innate Abilities, Weirdness & Mutations

You are very small and have problems with some larger weapons.
You are too small for most types of armour.
You have supernaturally acute eyesight. (SInv)
You are a herbivore.
You cover ground extremely quickly.
You need consume almost no food.


Message History

You hit the adder.
The adder is moderately wounded.
The adder barely misses you.
You barely miss the adder.
The adder is moderately wounded.
The adder bites you. The adder bites you but does no damage.
Evoke which item? (* to show all) (? for menu, Esc to quit)
Aiming: Throw Flame
Press: ? - help, Shift-Dir - straight line, f/p - adder
Aim: an adder (moderately wounded, slightly transparent)
The puff of flame misses the adder.
The adder completely misses you.
Evoke which item? (* to show all) (? for menu, Esc to quit)
Aiming: Random Effects
Press: ? - help, Shift-Dir - straight line, f/p - adder
Aim: an adder (moderately wounded, slightly transparent)
The mass of ice explodes!
The iceblast engulfs the adder.
You kill the adder!
The iceblast engulfs you!
Ouch! That really hurt!
You die...

.#.# #.^....#.....#
...# ##......##....#
#..#.##.......####.#
.....##.#.###.# #.#
#.#####....##.# #.#
#...[.........# #.#
#######....#..# #.#
#.#..#..####.#
#........>@..#
#.#.##.####### #....
... #..### .# ##.


There were no monsters in sight!

Vanquished Creatures
  An adder (D:2)
  A dart slug (D:1)
  2 leopard geckos (D:2)
  A ball python (D:1)
  A giant cockroach (D:1)
  6 hobgoblins
  3 kobolds (D:1)
  6 bats
  2 frilled lizards (D:1)
  4 goblins (D:1)
  A rat (D:2)
28 creatures vanquished.

Notes
Turn   | Place    | Note
-------+----------+-------------------------------------------
     0 | D:1      | wolf the Spriggan Artificer began the quest for the Orb.
     0 | D:1      | Reached XP level 1. HP: 9/9 MP: 4/4
   464 | D:1      | Reached XP level 2. HP: 14/14 MP: 6/6
  1842 | D:2      | Reached XP level 3. HP: 17/17 MP: 7/7
  2180 | D:2      | Killed themself with a badly aimed iceblast

Skill      XL: |  1  2  3 |
---------------+----------+-----
Stealth        | 2 |  2.2
Fighting       | |  0.9
Short Blades   | |  1.9
Dodging        | |  3.8
Evocations     | |  4.8

Action                   || total
-------------------------++-------
Melee: Short sword       ||    94
Evoke: Wand              ||    14
 Stab: Sleeping          ||     6
Armor: Robe              ||    16
Dodge: Dodged            ||   103
